AoeStats
← EL REGRESO DE JD

Black Forest

509465799Analyzed
4v4 RM · 4d ago on Sep 26, 2026· 64m 28s· 8 players
Game mode
Random Map
Map size
Large (8 player)
Population
200
Speed
Normal
Resources
Standard
Victory
Conquest
Starting age
Dark Age
Ending age
Imperial Age
RankedLock teamsTeams togetherTeam positionsShared explorationLock speedFull tech treeHidden civsTurbo modeCheats
Victory
Defeat
🇦🇺 Spanish · Australia
1005
+13
🇺🇸 Franks · United States
983
+14
🇺🇸 Britons · United States
956
+15
🇨🇦 Huns · Canada
851
+21
🇲🇽 Persians · Mexico
968
-17
🇲🇽 Italians · Mexico
941
-16
🇲🇽 Bohemians · Mexico
930
-15
🇵🇪 Celts · Peru
926
-15
EL REGRESO DE JD
1:42 Loom
11:21 Feudal Age
17:06 Castle Age
16:36 Horse Collar
16:48 Double-Bit Axe
20:23 Bow Saw
22:40 Fervor
22:58 Gold Mining
27:02 Heavy Plow
31:29 Imperial Age
30:45 Wheelbarrow
31:43 Hand Cart
33:40 Forging
33:30 Scale Mail Armor
35:05 Furor Celtica
35:04 Heavy Scorpion
36:48 Chemistry
37:13 Pikeman
39:11 Iron Casting
38:51 Chain Mail Armor
40:14 Chain Mail Armor
40:02 Halberdier
41:51 Blast Furnace
44:52 Plate Mail Armor
45:08 Capped Ram
45:48 Town Watch
BL_EL_TIGRE_EQUIVOCADO
0:30 Loom
11:45 Feudal Age
18:53 Castle Age
18:42 Wheelbarrow
17:49 Horse Collar
17:57 Double-Bit Axe
18:45 Stone Mining
18:45 Gold Mining
20:01 Bow Saw
20:01 Heavy Plow
21:42 Stone Shaft Mining
21:43 Gold Shaft Mining
27:48 Gold Shaft Mining
31:44 Imperial Age
30:44 Hand Cart
32:15 Forging
32:10 Scale Barding Armor
31:57 Fletching
32:07 Padded Archer Armor
32:39 Caravan
33:09 Coinage
34:13 Two-Man Saw
34:06 Iron Casting
35:18 Conscription
34:22 Elite War Elephant
35:22 Crossbowman
36:07 Thumb Ring
38:55 Scale Mail Armor
38:49 Pikeman
39:29 Squires
39:14 Gambesons
39:15 Arson
39:37 Halberdier
41:21 Blast Furnace
40:36 Chain Mail Armor
40:43 Chain Barding Armor
41:26 Bodkin Arrow
BL_ELEKA
0:26 Loom
12:53 Feudal Age
13:59 Double-Bit Axe
15:31 Wheelbarrow
17:51 Castle Age
16:31 Fletching
16:36 Town Watch
19:13 Horse Collar
24:50 Wheelbarrow
27:53 Bodkin Arrow
32:49 Imperial Age
38:25 Chemistry
38:27 Ballistics
42:58 Elite Skirmisher
44:30 Town Patrol
44:49 Forging
44:39 Scale Mail Armor
BL_DELROD
7:33 Loom
11:23 Feudal Age
18:11 Castle Age
22:37 Double-Bit Axe
23:41 Bow Saw
23:41 Padded Archer Armor
23:31 Fletching
30:54 Imperial Age
29:29 Ballistics
29:51 Wheelbarrow
30:15 Leather Archer Armor
29:56 Bodkin Arrow
29:46 Horse Collar
31:49 Hand Cart
32:40 Chemistry
34:57 Two-Man Saw
34:16 Bracer
35:06 Pirotechnia
35:05 Thumb Ring
35:28 Heavy Plow
36:48 Crop Rotation
38:11 Ring Archer Armor
40:20 Elite Genoese Crossbowman
41:17 Elite Skirmisher
45:36 Scale Mail Armor
45:46 Forging
48:13 Chain Mail Armor
48:33 Iron Casting
48:53 Pikeman
49:33 Squires
49:18 Arson
Byte
10:18 Feudal Age
8:36 Loom
10:55 Horse Collar
11:03 Double-Bit Axe
17:47 Castle Age
16:37 Forging
16:27 Scale Mail Armor
18:33 Castle Age
16:26 Fletching
16:38 Padded Archer Armor
17:31 Town Watch
19:32 Bow Saw
19:24 Heavy Plow
21:44 Wheelbarrow
21:12 Town Patrol
22:04 Crossbowman
26:14 Hand Cart
28:19 Bodkin Arrow
28:39 Leather Archer Armor
33:05 Imperial Age
32:02 Gold Mining
32:02 Stone Mining
32:09 Elite Skirmisher
34:28 Conscription
35:16 Yeomen
35:56 Bracer
36:26 Ring Archer Armor
37:20 Gold Shaft Mining
39:37 Elite Longbowman
43:36 Chemistry
42:57 Ballistics
42:43 Siege Engineers
55:10 Ring Archer Armor
60:14 Spies/Treason
archoel
10:31 Feudal Age
14:31 Castle Age
13:12 Double-Bit Axe
15:30 Bow Saw
16:12 Loom
24:44 Scale Barding Armor
32:08 Imperial Age
32:14 Chain Barding Armor
32:05 Forging
32:26 Husbandry
33:08 Conscription
32:12 Cavalier
32:57 Chivalry
33:23 Conscription
34:09 Chemistry
33:30 Ballistics
33:39 Caravan
35:02 Paladin
37:13 Plate Barding Armor
37:18 Iron Casting
44:54 Blast Furnace
57:01 Wheelbarrow
56:12 Town Watch
56:40 Fervor
56:46 Block Printing
56:57 Illumination
56:32 Devotion
56:53 Sanctity
57:09 Theocracy
56:41 Scale Mail Armor
56:42 Padded Archer Armor
56:33 Fletching
57:29 Arrowslits
57:35 Guard Tower
57:57 Careening
57:53 Siphons
58:34 Coinage
59:08 Hand Cart
58:55 Town Patrol
59:29 Chain Mail Armor
59:00 Light Cavalry
60:04 Stone Mining
60:07 Gold Mining
60:15 Herbal Medicine
60:35 Ordonnance Companies
61:51 Hoardings
62:07 Gold Shaft Mining
61:45 Fortified Wall
61:31 Murder Holes
61:42 Siege Engineers
61:47 Masonry
61:18 Treadmill Crane
61:49 Clinker Construction
62:50 Banking
63:08 Banking
63:29 Leather Archer Armor
63:10 Bodkin Arrow
63:46 Plate Mail Armor
Rido
0:26 Loom
10:21 Feudal Age
14:35 Castle Age
14:00 Double-Bit Axe
15:50 Bow Saw
15:42 Horse Collar
20:34 Wheelbarrow
22:22 Heavy Plow
23:44 Hand Cart
25:42 Gold Mining
30:07 Imperial Age
28:07 Husbandry
28:18 Bloodlines
28:55 Caravan
29:46 Scale Barding Armor
29:53 Forging
30:29 Cavalier
32:53 Two-Man Saw
31:54 Paladin
33:27 Chain Barding Armor
33:42 Iron Casting
36:27 Plate Barding Armor
36:52 Blast Furnace
43:40 Chemistry
43:06 Conscription
42:42 Arrowslits
42:55 Murder Holes
43:11 Fortified Wall
43:22 Ballistics
43:13 Masonry
43:37 Supremacy
46:12 Fletching
46:22 Padded Archer Armor
49:20 Architecture
51:25 Bombard Tower
53:32 Bodkin Arrow
54:11 Guard Tower
54:26 Bracer
63:36 Spies/Treason
vivrant
13:15 Feudal Age
20:56 Castle Age
19:59 Bloodlines
19:57 Scale Barding Armor
20:34 Forging
21:24 Loom
23:06 Husbandry
23:08 Light Cavalry
26:46 Marauders
27:10 Chain Barding Armor
32:07 Iron Casting
31:23 Fletching
32:56 Masonry
58:55 Imperial Age
62:57 Elite Tarkan
Connection lost

Rejoining the realm…

Still unreachable

The connection could not be restored.

Session expired

The server has moved on; the page needs a fresh start.